 Dungeon Crawl Stone Soup version 0.29-a0-451-gfbfa42419e (webtiles) character file.

Game seed: 1204758922066652075

74 MeArio the Shield-Bearer (level 4, -3/41 HPs)
             Began as a Minotaur Fighter on May 19, 2022.
             Killed by divine providence
             ... invoked by an orc priest
              (13 damage)
             ... on level 3 of the Dungeon.
             The game lasted 00:02:48 (1941 turns).

MeArio the Shield-Bearer (Minotaur Fighter)         Turns: 1941, Time: 00:02:49

Health: -3/41      AC:  7    Str: 23    XL:     4   Next: 9%
Magic:  3/3        EV:  9    Int:  5    God:
Gold:   88         SH:  4    Dex:  9    Spells: 3/3 levels left

rFire   . . .      SeeInvis .   a - +0 long sword
rCold   . . .      Faith    .   c - +0 buckler
rNeg    . . .      Spirit   .   b - +0 scale mail
rPois   .          Reflect  .   (helmet restricted)
rElec   .          Harm     .   (no cloak)
rCorr   .          Rampage  .   (no gloves)
Will    .....                   (no boots)
Stlth   ..........              (no amulet)
HPRegen 0.13/turn               (no ring)
MPRegen 0.08/turn               (no ring)

@: no status effects
A: horns 2, retaliatory headbutt
a: no special abilities


You were on level 3 of the Dungeon.
You visited 1 branch of the dungeon, and saw 3 of its levels.

You collected 88 gold pieces.

Inventory:

Hand Weapons
 a - a +0 long sword (weapon)
Armour
 b - a +0 scale mail (worn)
 c - a +0 buckler (worn)
Jewellery
 g - a ring of fire
 p - a ring of positive energy
Scrolls
 e - a scroll of vulnerability {unknown}
 i - 4 scrolls of identify {unknown}
 l - a scroll of poison {unknown}
 m - a scroll of enchant armour {unknown}
 n - a scroll of amnesia {unknown}
 o - 3 scrolls of teleportation {unknown}
Potions
 d - a potion of might
 f - a potion of heal wounds {unknown}
 h - a potion of degeneration {unknown}
 j - a potion of curing {unknown}
 k - a potion of haste {unknown}
 q - 2 potions of brilliance {unknown}


   Skills:
 + Level 4.3 Fighting
 + Level 3.3 Long Blades
 + Level 4.3 Armour
 + Level 4.4 Shields


You had 3 spell levels left.
You didn't know any spells.
Your spell library contained the following spells:

 Spells                   Type           Power      Damage    Failure   Level
 Summon Guardian Golem    Hex/Summ       0%         N/A       99%         3
 Orb of Destruction       Conj           0%         9d5       100%        7
 Spellforged Servitor     Conj/Summ      0%         N/A       100%        7


Dungeon Overview and Level Annotations

Branches:
Dungeon (3/15)

Altars:
Yredelemnul


Innate Abilities, Weirdness & Mutations

You have a pair of horns on your head.
You reflexively headbutt those who attack you in melee.


Message History

Things that are here:
a +0 club; a kobold corpse You open the door.
There is an open door here.
You open the door. 3 orc priests come into view.
The orc priest shouts! x3; You hear a shout!
A ball python comes into view.
The orc priest moves out of view.
Found a basalt altar of Yredelemnul.
An orc comes into view. It is wielding a +0 club.
You barely miss the orc priest.
The ball python hisses angrily.
You headbutt the orc priest.
The orc priest is moderately wounded.
The orc priest closely misses you.
The orc priest mumbles some strange prayers to Beogh against you.
Beogh smites you!
The orc moves out of view.
You hit the orc priest but do no damage.
The orc priest is moderately wounded.
You hit the ball python but do no damage.
The ball python bites you but does no damage.
The ball python grabs you. The ball python constricts you.
The orc priest looks encouraged for a moment.
You closely miss the orc priest.
The orc priest is moderately wounded.
The ball python bites you. The ball python constricts you.
The orc priest calls down the wrath of Beogh upon you.
Beogh smites you!
* * * LOW HITPOINT WARNING * * *
The orc priest begins to cast a cantrip, but forgets the words!
The orc priest calls down the wrath of Beogh upon you.
You barely resist. The ball python barely misses you.
The ball python constricts you.
You escape the ball python's grasp.
The orc priest attacks as you move away!
The orc priest hits you but does no damage.
The orc priest invokes the aid of Beogh against you.
Beogh smites you!
You die...

+##+ #..# #..#+###+ #..#....
+..+..o #..#oo #..#S###+#
###..#o....# #.)##@##+##+
#.#.....# #.## ##.#.....#
#... #..###+##+##+# ####
####.## .##.<..# ..
#.....##.###....#
...#...............##########
.........########............
.........########.###########


You could see 3 orc priests, an orc and a ball python.

Vanquished Creatures
  An iguana (D:3)
  A worm (D:2)
  A dart slug (D:3)
  4 endoplasms (D:1)
  3 giant cockroaches
  4 goblins
  6 jackals (D:1)
  2 quokkas
  3 ball pythons
  3 bats
  2 frilled lizards
  4 kobolds
  4 rats
38 creatures vanquished.

Notes
Turn   | Place    | Note
-------+----------+-------------------------------------------
     0 | D:1      | MeArio the Minotaur Fighter began the quest for the Orb.
     0 | D:1      | Reached XP level 1. HP: 19/19 MP: 0/0
   244 | D:1      | Reached XP level 2. HP: 27/27 MP: 1/1
   806 | D:2      | Reached XP level 3. HP: 33/33 MP: 2/2
  1400 | D:3      | Identified the +5 whip of Karma {vamp, +Blink MP+9 Str+5}
  1418 | D:3      | Reached XP level 4. HP: 4/40 MP: 3/3
  1936 | D:3      | Found a basalt altar of Yredelemnul.
  1941 | D:3      | Killed from afar by an orc priest

Illustrated notes

Levels and vault maps discovered:
D:1:      nicolae_arrival_memento_mori, layout_basic
D:2:      layout_basic, nicolae_ecumenical_pavilion, palyth_stone_intersect
D:3:      layout_loops_ring, mainiacjoe_overflow_24_doors

Skill      XL: |  1  2 |
---------------+-------+-----
Shields        | 4 |  4.4
Fighting       | 4 |  4.3
Armour         | 4 |  4.3
Long Blades    | 3 |  3.3

Action                   |  1- 3 |  4- 6 || total
-------------------------+-------+-------++-------
Melee: Long sword        |    73 |    19 ||    92
       Headbutt          |    13 |     2 ||    15
Armor: Scale mail        |    35 |    11 ||    46
Dodge: Dodged            |    23 |     6 ||    29
Block: Buckler           |    19 |     3 ||    22

Table legend: (Time is in decaauts)
 A = Elapsed time spent in this place.
 B = Non-inter-level travel time spent in this place.
 C = Inter-level travel time spent in this place.
 D = Time resting spent in this place.
 E = Time spent auto-exploring this place.
 F = Levels seen in this place.
 G = Mean time per level.
                   A        B        C        D        E       F      G
               +--------+--------+--------+--------+--------+-----+--------+
         Total |   1968 |   1894 |     74 |      0 |   1558 |   3 |  656.0 |
       Dungeon |   1968 |   1894 |     74 |      0 |   1558 |   3 |  656.0 |
               +--------+--------+--------+--------+--------+-----+--------+

Top non-repeatable levels by time:
     D:1: 750 daAuts
     D:3: 645 daAuts
     D:2: 572 daAuts
